 Dungeon Crawl Stone Soup version 0.21-a0-521-g1cd18d1 (webtiles) character file.

490 galech the Ruffian (level 6, -11/59 HPs)
             Began as a Troll Monk on Dec 5, 2017.
             Was a Believer of Okawaru.
             Killed by divine providence
             ... invoked by an orc priest
              (14 damage)
             ... on level 5 of the Dungeon.
             The game lasted 00:06:40 (3583 turns).

galech the Ruffian (Troll Monk)                     Turns: 3583, Time: 00:06:41

Health: -11/59     AC:  6    Str: 25    XL:     6   Next: 90%
Magic:  5/5        EV: 11    Int:  6    God:    Okawaru [**....]
Gold:   258        SH:  0    Dex: 12    Spells: 5/5 levels left

rFire    . . .     SeeInvis .     - Unarmed
rCold    . . .     Gourm    +   (no shield)
rNeg     + . .     Faith    +   s - +1 robe {MR+}
rPois    .         Spirit   .   (helmet restricted)
rElec    .         Reflect  .   (no cloak)
rCorr    .         Harm     .   (gloves unavailable)
MR       +....                  (boots unavailable)
Stlth    ++........             x - amulet of faith
HPRegen  0.59/turn              u - ring of positive energy
MPRegen  0.09/turn              p - +3 ring of strength

@: no status effects
A: large, unfitting armour, claws 3, fast metabolism 3, gourmand, regeneration
1, shaggy fur 1, tough skin 2
a: Heroism, Renounce Religion


You were on level 5 of the Dungeon.
You worshipped Okawaru.
Okawaru was pleased with you.
You were very full.

You visited 1 branch of the dungeon, and saw 5 of its levels.

You collected 258 gold pieces.

Inventory:

Armour
 s - a +1 robe of magic resistance (worn)
Jewellery
 f - a +4 ring of intelligence
 m - an uncursed amulet of guardian spirit
 p - a +3 ring of strength (right claw)
 u - a ring of positive energy (left claw)
 x - an amulet of faith (around neck)
 y - an uncursed ring of wizardry
Wands
 n - a wand of random effects (20)
 r - a wand of acid (8)
Scrolls
 d - 7 scrolls of identify {unknown}
 e - 3 scrolls of teleportation {unknown}
 g - 4 scrolls of remove curse {unknown}
 l - a scroll of magic mapping {unknown}
 t - 2 scrolls of fear {unknown}
 A - a scroll of enchant armour {unknown}
Potions
 h - a potion of invisibility {unknown}
 j - a potion of curing {unknown}
 k - a potion of agility {unknown}
 o - 3 potions of degeneration {unknown}
 q - 2 potions of haste {unknown}
 v - a potion of magic {unknown}
Books
 w - a book of Fire

   Spells                             Type                      Level
   a - Ignite Poison                  Fire/Transmutation/Poison    3
   b - Fireball                       Conjuration/Fire             5
   c - Bolt of Fire                   Conjuration/Fire             6
   d - Ring of Flames                 Charms/Fire                  7
   e - Ignition                       Fire                         8
Comestibles
 a - 9 fruits
 b - 3 bread rations
 c - 2 royal jellies
 i - 4 meat rations


   Skills:
 + Level 2.9 Fighting
 + Level 3.5 Dodging
 + Level 1.6 Stealth
 + Level 6.5 Unarmed Combat


You had 5 spell levels left.
You didn't know any spells.

Dungeon Overview and Level Annotations

Branches:
Dungeon (5/15)
 Temple: D:4-7

Altars:
Ashenzari
Dithmenos
Makhleb
Okawaru
Ru
Sif Muna
Trog
Xom


Innate Abilities, Weirdness & Mutations

You are too large for most types of armour.
You have claws for hands.
Your metabolism is lightning-fast.
You like to eat raw meat.
Your natural rate of healing is unusually fast.
You are covered in fur. (AC +1)
You have very tough skin. (AC +2)


Message History

The orc priest invokes the aid of Beogh against you.
Beogh smites you!
* * * LOW HITPOINT WARNING * * *
The orc hits the bush but does no damage. x2
You barely miss the orc priest.
The orc priest is almost dead.
The ooze hits the bush but does no damage.
The orc priest misses you.
The orc priest hits something but does no damage.
The orc hits the bush with an enchanted trident.
The orc priest hits the bush but does no damage.
The orc hits the bush but does no damage.
You claw the orc priest!
You kill the orc priest!
Okawaru accepts your kill.
The orc hits the bush but does no damage.
The ooze hits the bush.
The orc priest calls down the wrath of Beogh upon you.
Beogh smites you!
You die...

#..............####
#.###.#(.##.#### #.#
#.....#.#
#.#####...#.#
#####.#.........#####
#.....#.............#
#######.........###.#
#.........# #.#


###@PP.PPPPPPP#.# #.)P.........P#.# #.#PPPPP)PPP.P#.# #.#PoooP)P...P#.# #
PoPJP.PPP.P#.# PoP...P.P.P#.# P.PPPPP.P.P..# P..oP.....P### oP.P.PPP.P You could
see 2 orc priests, an ooze and 3 orcs.

Vanquished Creatures
  2 scorpions (D:4)
  2 orc priests
  A hound (D:4)
  3 worker ants
  A hound skeleton (D:4)
  Robin (D:4)
  3 gnolls (D:4)
  7 adders
  2 oozes
  An adder skeleton (D:4)
  2 worms
  4 leopard geckos
  6 orcs
  5 giant cockroaches
  14 goblins
  13 hobgoblins
  10 jackals
  A quokka (D:2)
  5 bats
  4 frilled lizards
  6 kobolds
  8 rats
  A bush (D:5)
  A butterfly (D:2)
103 creatures vanquished.

Notes
Turn   | Place    | Note
-------+----------+-------------------------------------------
     0 | D:1      | galech the Troll Monk began the quest for the Orb.
     0 | D:1      | Reached XP level 1. HP: 22/22 MP: 0/0
    75 | D:1      | Reached XP level 2. HP: 29/29 MP: 1/1
   502 | D:1      | Reached XP level 3. HP: 36/36 MP: 2/2
   675 | D:2      | Found a shimmering altar of Xom.
   977 | D:2      | Reached skill level 4 in Unarmed Combat
  1110 | D:2      | Reached XP level 4. HP: 44/44 MP: 3/3
  1147 | D:2      | Found an iron altar of Okawaru.
  1285 | D:2      | Became a worshipper of Warmaster Okawaru
  1285 | D:2      | Reached * piety under Okawaru
  1285 | D:2      | Reached ** piety under Okawaru
  1440 | D:3      | Found a deep blue altar of Sif Muna.
  1493 | D:3      | Found a bloodstained altar of Trog.
  1501 | D:3      | Found a burning altar of Makhleb.
  1635 | D:3      | Found a faded altar of an unknown god.
  2337 | D:4      | Found a sacrificial altar of Ru.
  2337 | D:4      | Found a faded altar of an unknown god.
  2342 | D:4      | Found a shattered altar of Ashenzari.
  2344 | D:4      | Found a faded altar of an unknown god.
  2346 | D:4      | Found a shadowy altar of Dithmenos.
  2426 | D:4      | Reached XP level 5. HP: 50/50 MP: 4/4
  2444 | D:4      | Reached skill level 5 in Unarmed Combat
  2573 | D:4      | Noticed Robin
  2604 | D:4      | Reached XP level 6. HP: 59/59 MP: 5/5
  2957 | D:4      | Reached skill level 6 in Unarmed Combat
  3134 | D:4      | Killed Robin
  3380 | D:5      | Entered Level 5 of the Dungeon
  3581 | D:5      | HP: 1/59 [orc priest/divine providence (10)]
  3583 | D:5      | Killed from afar by an orc priest

Vault maps used:
D:1:      ncdulo_wetmaze
D:2:      overflow_temple_1_default, xom_butterflies
D:3:      amethyst_overflow_temple_binary, lemuel_doored_altar,
          chequers_ecumenical_altar_simple_redux
D:4:      chequers_temple_overflow_minitemple, feat_on_display, uniq_robin
D:5:      first_bread, minmay_hedge_maze, okawaru_metal_pillars_3,
          uniq_blork_the_orc, uniq_crazy_yiuf_cottage

Skill      XL: |  1  2  3  4  5  6 |
---------------+-------------------+-----
Dodging        | 3 |  3.5
Unarmed Combat | 4 5 6 |  6.5
Fighting       | |  2.9
Stealth        | |  1.6

Action                   |  1- 3 |  4- 6 || total
-------------------------+-------+-------++-------
Melee: Unarmed           |   136 |   184 ||   320
       Punch             |     1 |     4 ||     5
 Stab: Sleeping          |       |     3 ||     3
  Eat: Chunk             |    16 |    21 ||    37
Armor: Robe              |    37 |    46 ||    83
Dodge: Dodged            |    59 |    82 ||   141

Table legend:
 A = Spawn XP
 B = Non-spawn XP
 C = Spawn XP percentage of total XP
 D = Spawn monster count
 E = Non-spawn monster count
 F = Spawn count percentage of total count
 G = Total turns spent on level
                    A         B        C        D         E        F      G
               +---------+---------+-------+---------+---------+-------+---------
         Total |       0 |     701 |   0.0 |       0 |     101 |   0.0 |  3583
               +---------+---------+-------+---------+---------+-------+---------
           D:1 |       0 |      45 |   0.0 |       0 |      25 |   0.0 |   607
           D:2 |       0 |      86 |   0.0 |       0 |      20 |   0.0 |   809
           D:3 |       0 |      64 |   0.0 |       0 |      13 |   0.0 |   880
           D:4 |       0 |     457 |   0.0 |       0 |      40 |   0.0 |  1084
           D:5 |       0 |      49 |   0.0 |       0 |       3 |   0.0 |   203
               +---------+---------+-------+---------+---------+-------+---------
